 Dungeon Crawl Stone Soup version 0.19.4 (webtiles) character file.

1077 Kiturien the Conjurer (level 8, 0/40 HPs)
             Began as a Vine Stalker Conjurer on Jan 21, 2017.
             Slain by a centaur (2 damage)
             ... on level 5 of the Dungeon on Jan 30, 2017.
             The game lasted 00:43:03 (5253 turns).

Kiturien the Conjurer (Vine Stalker Conjurer)       Turns: 5253, Time: 00:43:03

Health: 0/40       AC:  4    Str: 11    XL:     8   Next: 29%
Magic:  0/16       EV: 13    Int: 17    God:
Gold:   177        SH:  0    Dex: 15    Spells: 5 memorised, 2 levels left

rFire  . . .     SeeInvis +     q - +8 dagger of the Warrior-Mage {distort, +Rage}
rCold  . . .     Gourm    .     a - +0 robe
rNeg   . . .     Faith    .     (no shield)
rPois  .         Spirit   +     n - +0 helmet
rElec  .         Reflect  .     j - +0 cloak
rCorr  .         Harm     .     (no gloves)
MR     +....                    (no boots)
Stlth  +++.......               (no amulet)
                                (no ring)
                                e - ring of see invisible

@: no status effects
A: fangs 3, regeneration 1, magic shield, antimagic bite, no device heal 3, rot
immunity
a: Evoke Berserk Rage


You were on level 5 of the Dungeon.
You were not hungry.

You visited 1 branch of the dungeon, and saw 5 of its levels.

You collected 177 gold pieces.

Inventory:

Hand Weapons
 g - a +2 dagger of venom
 q - the +8 dagger of the Warrior-Mage (weapon) {distort, +Rage}
   (You found it on level 5 of the Dungeon)

   It warps and distorts space around it.
   Unwielding it can cause banishment or high damage.
   It lets you go berserk.
Armour
 a - a +0 robe (worn)
 j - a +0 cloak (worn)
 l - a +0 ring mail
 n - a +0 helmet (worn)
 o - a +1 leather armour of poison resistance
Jewellery
 e - a ring of see invisible (left hand)
 p - an uncursed ring of see invisible
Wands
 r - a wand of digging (3/24)
Scrolls
 d - 2 scrolls of noise
 h - a scroll of magic mapping {unknown}
 i - a scroll of remove curse
 s - a scroll of teleportation
Potions
 m - 2 potions of might
 t - 2 potions of heal wounds {unknown}
Books
 b - a book of Conjurations

   Spells                             Type                      Level
   a - Magic Dart                     Conjuration                  1
   b - Searing Ray                    Conjuration                  2
   c - Dazzling Spray                 Conjuration/Hexes            3
   d - Fulminant Prism                Conjuration/Hexes            4
   e - Iskenderun's Mystic Blast      Conjuration                  4
   f - Iskenderun's Battlesphere      Conjuration/Charms           5
Comestibles
 c - 2 fruits
 f - a beef jerky
 k - 5 meat rations


   Skills:
 - Level 3.3 Fighting
 - Level 1.4 Short Blades
 + Level 3.0 Dodging
 - Level 4.8 Stealth
 - Level 0.8 Unarmed Combat
 * Level 5.0 Spellcasting
 + Level 6.1 Conjurations
 + Level 1.1 Hexes
 + Level 1.3 Charms


You had 2 spell levels left.
You knew the following spells:

 Your Spells              Type           Power        Failure   Level  Hunger
a - Magic Dart            Conj           ####         1%          1    None
b - Dazzling Spray        Conj/Hex       ###...       12%         3    ###....
c - Searing Ray           Conj           ####..       1%          2    #......
d - Iskenderun's Mystic   Conj           ####....     14%         4    ####...
e - Iskenderun's Battles  Conj/Chrm      ###.....     82%         5    ######.


Dungeon Overview and Level Annotations

Branches:
Dungeon (5/15)
 Temple: D:4-7

Altars:
Dithmenos
Sif Muna


Innate Abilities, Weirdness & Mutations

You have razor-sharp teeth.
Your natural rate of healing is unusually fast.
When hurt, damage is shared between your health and your magic reserves.
Your bite disrupts and absorbs the magic of your enemies.
Potions and wands cannot restore your health.
You are immune to rotting.


Message History

You feel sick.
You are no longer poisoned.
The centaur shoots an arrow.
The arrow hits you!
* * * LOW HITPOINT WARNING * * *
You see here an arrow.
Casting: Searing Ray
Confirm with . or Enter, or press ? or * to list all spells.
Aiming: Searing Ray
Press: ? - help, Shift-Dir - straight line, f - centaur
Aim: a centaur, wielding a shortbow (moderately wounded)
The searing ray hits the centaur.
The centaur is severely wounded. (Press . to maintain the ray.)
The centaur shoots an arrow.
The arrow hits you!
* * * LOW HITPOINT WARNING * * *
Unknown command.
The centaur shoots an arrow.
The arrow closely misses you.
The centaur unwields an uncursed shortbow.
The centaur misses you. The centaur hits you.
You die...

..#.#### #.#.#
#####.#.#
#.......#
#......## #......#
######...†..######
.........(c(.....#
.......$.##@.....#
.........##...†..#
.....c...##(....(#
.........##......#
.........##......#
.........##..(...#
.....c...#########
..(......#


You could see a centaur.

Vanquished Creatures
  Grinder (D:4)
  The ghost of fatfloppyjuicyveiny the Bolt Thrower, an amateur CeHu (D:4)
  Duvessa (D:4)
  An ogre (D:4)
  Dowan (D:4)
  A scorpion (D:4)
  2 howler monkeys (D:4)
  An orc priest (D:4)
  A hound (D:4)
  An orc wizard (D:3)
  A worker ant (D:5)
  A hound zombie (D:5)
  Robin (D:1)
  5 gnolls (D:4)
  7 adders
  2 oozes
  An adder skeleton (D:4)
  6 worms
  3 leopard geckos
  10 orcs
  A ball python (D:3)
  5 bats
  3 giant cockroaches
  18 goblins
  11 hobgoblins
  8 jackals
  3 quokkas
  4 frilled lizards
  6 kobolds
  4 rats
111 creatures vanquished.

Notes
Turn   | Place    | Note
-------+----------+-------------------------------------------
     0 | D:1      | Kiturien the Vine Stalker Conjurer began the quest for the Orb.
     0 | D:1      | Reached XP level 1. HP: 9/9 MP: 4/4
    73 | D:1      | Reached XP level 2. HP: 13/13 MP: 0/6
   473 | D:1      | Reached XP level 3. HP: 16/16 MP: 4/7
   754 | D:1      | Upgraded the game from 0.19.1-1-g22dce08 to 0.19.3-4-gbf9329e
   769 | D:2      | Reached skill level 5 in Conjurations
  1134 | D:1      | Learned a level 3 spell: Dazzling Spray
  1154 | D:2      | Noticed Robin
  1270 | D:1      | Learned a level 2 spell: Searing Ray
  1423 | D:2      | Gained mutation: Your natural rate of healing is unusually fast. [Vine Stalker growth]
  1423 | D:2      | Reached XP level 4. HP: 9/21 MP: 0/8
  1692 | D:1      | Killed Robin
  1887 | D:2      | Found a deep blue altar of Sif Muna.
  2803 | D:3      | Reached skill level 1 in Fighting
  2930 | D:3      | Reached XP level 5. HP: 18/25 MP: 3/10
  3986 | D:4      | Reached XP level 6. HP: 30/30 MP: 4/12
  3987 | D:4      | Noticed Dowan
  3989 | D:4      | Noticed Duvessa
  3999 | D:4      | Noticed Grinder
  4045 | D:4      | Killed Duvessa
  4086 | D:4      | Killed Dowan
  4086 | D:4      | Reached XP level 7. HP: 22/35 MP: 0/13
  4134 | D:5      | Entered Level 5 of the Dungeon
  4141 | D:5      | Found a shadowy altar of Dithmenos.
  4297 | D:5      | Got a warped dagger
  4298 | D:5      | Identified the +8 dagger of the Warrior-Mage {distort, +Rage} (You found it on level 5 of the Dungeon)
  4334 | D:4      | Reached skill level 1 in Short Blades
  4356 | D:4      | Killed Grinder
  4424 | D:4      | Upgraded the game from 0.19.3-4-gbf9329e to 0.19.4
  4484 | D:4      | Gained mutation: You have razor-sharp teeth. [Vine Stalker growth]
  4484 | D:4      | Reached XP level 8. HP: 35/40 MP: 13/16
  4546 | D:4      | Learned a level 4 spell: Iskenderun's Mystic Blast
  4552 | D:4      | Learned a level 5 spell: Iskenderun's Battlesphere
  4901 | D:4      | Reached skill level 1 in Hexes
  5070 | D:4      | Noticed fatfloppyjuicyveiny's ghost (amateur CeHu)
  5079 | D:4      | Killed fatfloppyjuicyveiny's ghost
  5079 | D:4      | Reached skill level 6 in Conjurations
  5079 | D:4      | Reached skill level 1 in Charms
  5207 | D:5      | Reached skill level 5 in Spellcasting
  5251 | D:5      | HP: 1/40 [centaur/arrow (10)]
  5253 | D:5      | Slain by a centaur

Skill      XL: |  1  2  3  4  5  6  7  8 |
---------------+-------------------------+-----
Conjurations   | 5 6 |  6.1
Stealth        | 3 4 |  4.8
Fighting       | 1 2 3 |  3.3
Dodging        | 2 3 |  3.0
Spellcasting   | 3 4 5 |  5.0
Short Blades   | 1 |  1.4
Hexes          | 1 |  1.1
Charms         | 1 |  1.3
Unarmed Combat | |  0.8

Action                   |  1- 3 |  4- 6 |  7- 9 || total
-------------------------+-------+-------+-------++-------
Melee: Unarmed           |    27 |    35 |       ||    62
       Bite              |     8 |    12 |     9 ||    29
       Dagger            |       |    34 |    32 ||    66
       Punch             |       |     1 |       ||     1
 Cast: Magic Dart        |    66 |    17 |    14 ||    97
       Searing Ray       |     4 |    49 |    11 ||    64
       Dazzling Spray    |     2 |     1 |     5 ||     8
       Iskenderun's Myst |       |       |     4 ||     4
  Use: Potion            |     2 |       |       ||     2
       Scroll            |       |     5 |     1 ||     6
 Stab: Invisible         |       |     3 |     2 ||     5
  Eat: Meat ration       |     1 |     1 |       ||     2
       Bread ration      |       |     1 |     1 ||     2
       Fruit             |       |     1 |       ||     1
Armor: Robe              |     9 |    22 |     3 ||    34
Dodge: Dodged            |    21 |    66 |    30 ||   117
